A+ EAST
AUBURN DOUBLEDAYS @ GREENSBORO GRASSHOPPERS
06/02/2042
 
TOP OF THE 1ST
Auburn Doubledays batting - Pitching for Greensboro Grasshoppers : RHP Charlie Howell
Pitching: RHP Charlie Howell
Batting: RHB Oscar Burton 0-0: Foul Ball, location: 3F
0-1: Ball
1-1: Ball
2-1: Ground out 5-3 (Groundball, 56, EV 100.0 MPH)
Batting: RHB Matt Conroy 0-0: Ball
1-0: Swinging Strike
1-1: Ball
2-1: Ball
3-1: Base on Balls
Batting: RHB Alex Levington 0-0: Swinging Strike
0-1: Foul Ball, location: 9LDF
0-2: SINGLE (Groundball, 4MD, EV 98.1 MPH)
Matt Conroy to second
Batting: RHB Shawn Tucker 0-0: Called Strike
0-1: Ball
1-1: Ball
2-1: Fly out, F7 (Flyball, 7S, EV 90.0 MPH)
Batting: LHB David Pérez 0-0: SINGLE (Line Drive, 9LS, EV 90.6 MPH)
Matt Conroy to third
Alex Levington to second
Runner from 3rd tries for Home, throw by RF and OUT! 9-2
Top of the 1st over - 0 runs, 2 hits, 0 errors, 2 left on base; Auburn 0 - Greensboro 0
BOTTOM OF THE 1ST
Greensboro Grasshoppers batting - Pitching for Auburn Doubledays : RHP Leonardo Ybarra
Pitching: RHP Leonardo Ybarra
Batting: RHB Wes MacMartin 0-0: TRIPLE (Line Drive, 9D, EV 107.5 MPH)
Batting: RHB Ignacio Hernández 0-0: Ball
1-0: Foul Ball, location: 25F
1-1: Ball
2-1: Fly out, F3 (Popup, 3SF, EV 86.3 MPH)
Batting: RHB Derek Adams 0-0: Ball
1-0: Ball
2-0: Called Strike
2-1: SINGLE (Line Drive, 7S, EV 86.3 MPH)
Wes MacMartin scores
Batting: SHB Bob Vélez 0-0: Ball
1-0: Swinging Strike
1-1: Called Strike
1-2: Foul Ball, location: 2F
1-2: Foul Ball, location: 7LDF
1-2: Strikes out swinging
Batting: RHB Rubén Castillo 0-0: Ball
1-0: Ball
2-0: Foul Ball, location: 5FF
2-1: Ground out 5-3 (Groundball, 56S, EV 88.8 MPH)
Bottom of the 1st over - 1 run, 2 hits, 0 errors, 1 left on base; Auburn 0 - Greensboro 1
TOP OF THE 2ND
Auburn Doubledays batting - Pitching for Greensboro Grasshoppers : RHP Charlie Howell
Batting: RHB Sergio Peña 0-0: Ball
1-0: Ball
2-0: Called Strike
2-1: Foul Ball, location: 2F
2-2: Ground out U3 (Groundball, 34S, EV 86.3 MPH)
Batting: RHB Edgardo Rodríguez 0-0: Ball
1-0: Called Strike
1-1: Fly out, F9 (Flyball, 89M, EV 92.5 MPH)
Batting: RHB Bernie Caine 0-0: DOUBLE (Line Drive, 78D, EV 106.9 MPH)
Batting: RHB José Sousa 0-0: Ball
1-0: Called Strike
1-1: Fly out, F8 (Flyball, 8LD, EV 108.1 MPH)
Top of the 2nd over - 0 runs, 1 hit, 0 errors, 1 left on base; Auburn 0 - Greensboro 1
BOTTOM OF THE 2ND
Greensboro Grasshoppers batting - Pitching for Auburn Doubledays : RHP Leonardo Ybarra
Batting: RHB Charlie Howell 0-0: Foul Ball, location: 9LDF
0-1: Called Strike
0-2: Ball
1-2: Foul Ball, location: 9LDF
1-2: SINGLE (Line Drive, 4D, EV 108.1 MPH)
Batting: RHB Nate Day 0-0: Swinging Strike
0-1: Ball
1-1: Swinging Strike
1-2: Foul Ball, location: 9LMF
1-2: Ball
2-2: Strikes out swinging
Batting: RHB Ben Hathaway 0-0: Ball
1-0: Swinging Strike
1-1: TRIPLE (Flyball, 8LXD, EV 105.0 MPH)
Charlie Howell scores
Batting: RHB Ángelo Carrillo 0-0: Ball
1-0: Ball
2-0: Called Strike
2-1: Foul Ball, location: 5F
2-2: SINGLE (Line Drive, 34D, EV 104.4 MPH)
Ben Hathaway scores
Batting: RHB Wes MacMartin 0-0: Ball
1-0: Called Strike
1-1: TRIPLE (Flyball, 8RXD, EV 87.5 MPH)
Ángelo Carrillo scores
Batting: RHB Ignacio Hernández 0-0: Called Strike
0-1: 2-RUN HOME RUN (Flyball, 89XD, EV 110.6 MPH), Distance : 442 ft
Batting: RHB Derek Adams 0-0: Called Strike
0-1: Ball
1-1: SINGLE (Line Drive, 7S, EV 108.1 MPH)
Pitching: RHP Jesús Martínez
Batting: SHB Bob Vélez 0-0: Called Strike
0-1: 2-RUN HOME RUN (Flyball, 89XD, EV 104.4 MPH), Distance : 442 ft
Batting: RHB Rubén Castillo 0-0: Ball
1-0: Ball
2-0: Swinging Strike
2-1: Foul Ball, location: 5F
2-2: Strikes out swinging
Batting: RHB Charlie Howell 0-0: Called Strike
0-1: Ball
1-1: Foul Ball, location: 2F
1-2: Strikes out looking
Bottom of the 2nd over - 7 runs, 7 hits, 0 errors, 0 left on base; Auburn 0 - Greensboro 8
TOP OF THE 3RD
Auburn Doubledays batting - Pitching for Greensboro Grasshoppers : RHP Charlie Howell
Batting: RHB Oscar Burton 0-0: Called Strike
0-1: Swinging Strike
0-2: Strikes out looking
Batting: RHB Matt Conroy 0-0: Ball
1-0: Foul Ball, location: 23FF
1-1: Ground out 1-3 (Groundball, 25, EV 63.1 MPH)
Batting: RHB Alex Levington 0-0: Called Strike
0-1: Ball
1-1: Swinging Strike
1-2: Strikes out looking
Top of the 3rd over - 0 runs, 0 hits, 0 errors, 0 left on base; Auburn 0 - Greensboro 8
BOTTOM OF THE 3RD
Greensboro Grasshoppers batting - Pitching for Auburn Doubledays : RHP Jesús Martínez
Batting: RHB Nate Day 0-0: Fly out, F4 (Flyball, 34D, EV 92.5 MPH)
Batting: RHB Ben Hathaway 0-0: Ball
1-0: Ball
2-0: Called Strike
2-1: Swinging Strike
2-2: Ball
3-2: Base on Balls
Batting: RHB Ángelo Carrillo 0-0: SINGLE (Flyball, 8LS, EV 91.3 MPH)
Ben Hathaway to second
Batting: RHB Wes MacMartin 0-0: Foul Ball, location: 2F
Balk!
Ben Hathaway to third
Ángelo Carrillo to second
0-1: Foul Ball, location: 9LSF
0-2: Ball
1-2: Ball
2-2: Ball
3-2: Base on Balls
Batting: RHB Ignacio Hernández 0-0: Foul Ball, location: 2F
0-1: Ball
1-1: Ball
2-1: Ball
3-1: Foul Ball, location: 2F
3-2: Foul Ball, location: 7LSFF
3-2: Grounds into double play, 6-4-3 (Groundball, 6, EV 86.9 MPH)
Bottom of the 3rd over - 0 runs, 1 hit, 0 errors, 2 left on base; Auburn 0 - Greensboro 8
TOP OF THE 4TH
Auburn Doubledays batting - Pitching for Greensboro Grasshoppers : RHP Charlie Howell
Batting: RHB Shawn Tucker 0-0: Called Strike
0-1: Foul Ball, location: 2F
0-2: Ball
1-2: Ball
2-2: Ball
3-2: Base on Balls
Batting: LHB David Pérez 0-0: Swinging Strike
0-1: Hit by Pitch
Shawn Tucker to second
Batting: RHB Sergio Peña 0-0: Ball
1-0: SINGLE (Groundball, 4MD, EV 103.1 MPH)
Shawn Tucker to third
David Pérez to second
Batting: RHB Edgardo Rodríguez 0-0: TRIPLE (Line Drive, 8RXD, EV 103.1 MPH)
Shawn Tucker scores
David Pérez scores
Sergio Peña scores
Batting: RHB Bernie Caine 0-0: Ball
1-0: Called Strike
1-1: Ball
2-1: DOUBLE (Line Drive, 9LM, EV 106.3 MPH)
Edgardo Rodríguez scores
Batting: RHB José Sousa 0-0: Called Strike
0-1: Foul Ball, location: 23FF
0-2: Foul Ball, location: 3DF
0-2: Ball
1-2: Strikes out swinging
Batting: RHB Oscar Burton 0-0: Ball
1-0: Ball
2-0: Called Strike
2-1: Foul Ball, location: 2F
2-2: DOUBLE (Line Drive, 78D, EV 110.6 MPH)
Bernie Caine scores
Pitching: RHP Orlando Mercado
Batting: RHB Matt Conroy 0-0: Called Strike
0-1: Foul Ball, location: 2F
0-2: Strikes out swinging
Batting: RHB Alex Levington 0-0: Ball
1-0: Ball
2-0: Foul Ball, location: 2F
2-1: Called Strike
2-2: Ball
3-2: Foul Ball, location: 2F
3-2: Foul Ball, location: 2F
3-2: DOUBLE (Line Drive, 78D, EV 110.0 MPH)
Oscar Burton scores
Batting: RHB Shawn Tucker 0-0: Foul Ball, location: 5F
0-1: Swinging Strike
0-2: Foul Ball, location: 2F
0-2: Strikes out swinging
Top of the 4th over - 6 runs, 5 hits, 0 errors, 1 left on base; Auburn 6 - Greensboro 8
BOTTOM OF THE 4TH
Greensboro Grasshoppers batting - Pitching for Auburn Doubledays : RHP Jesús Martínez
Batting: RHB Derek Adams 0-0: Foul Ball, location: 2F
0-1: Ball
1-1: Called Strike
1-2: Fly out, F9 (Flyball, 9, EV 88.8 MPH)
Batting: SHB Bob Vélez 0-0: Foul Ball, location: 5FF
0-1: Swinging Strike
0-2: Ball
1-2: Foul Ball, location: 2F
1-2: Strikes out swinging
Batting: RHB Rubén Castillo 0-0: Called Strike
0-1: Ball
1-1: Ball
2-1: Ball
3-1: Base on Balls
Batting: RHB Charlie Howell 0-0: Foul Ball, location: 2F
0-1: Called Strike
0-2: Ball
1-2: Strikes out swinging
Bottom of the 4th over - 0 runs, 0 hits, 0 errors, 1 left on base; Auburn 6 - Greensboro 8
TOP OF THE 5TH
Auburn Doubledays batting - Pitching for Greensboro Grasshoppers : RHP Orlando Mercado
Batting: LHB David Pérez 0-0: Called Strike
0-1: Ball
1-1: Ball
2-1: Called Strike
2-2: Strikes out swinging
Batting: RHB Sergio Peña 0-0: Foul Ball, location: 9LMF
0-1: Ball
1-1: Ball
2-1: Called Strike
2-2: Ball
3-2: Foul Ball, location: 9LMF
3-2: Foul Ball, location: 23F
3-2: Base on Balls
Batting: RHB Edgardo Rodríguez 0-0: Ball
1-0: Ball
2-0: Grounds into double play, 1-4-3 (Groundball, 15S, EV 70.6 MPH)
Top of the 5th over - 0 runs, 0 hits, 0 errors, 0 left on base; Auburn 6 - Greensboro 8
BOTTOM OF THE 5TH
Greensboro Grasshoppers batting - Pitching for Auburn Doubledays : RHP Jesús Martínez
Batting: RHB Nate Day 0-0: Ball
1-0: Ball
2-0: Ball
3-0: Called Strike
3-1: Base on Balls
Batting: RHB Ben Hathaway 0-0: Ball
1-0: Called Strike
1-1: Ball
2-1: Ball
3-1: Base on Balls
Nate Day to second
Batting: RHB Ángelo Carrillo 0-0: Sac Bunt to 2L - play at first, batter OUT! 2-3
Nate Day to third
Ben Hathaway to second
Batting: RHB Wes MacMartin 0-0: Ball
1-0: Called Strike
1-1: Swinging Strike
1-2: Foul Ball, location: 9LMF
1-2: DOUBLE (Line Drive, 9LD, EV 105.6 MPH)
Nate Day scores
Ben Hathaway scores
Pinch Runner at 2nd Charlie Wood:
Batting: RHB Ignacio Hernández 0-0: Called Strike
0-1: Ball
1-1: Foul Ball, location: 2F
1-2: 2-RUN HOME RUN (Flyball, 7D, EV 96.9 MPH), Distance : 383 ft
Pitching: RHP Dani Salazar
Batting: RHB Derek Adams 0-0: Called Strike
0-1: Ball
1-1: Swinging Strike
1-2: SINGLE (Line Drive, 4MD, EV 98.8 MPH)
Batting: SHB Bob Vélez 0-0: Ball
1-0: Ball
2-0: Ball
3-0: Called Strike
3-1: Called Strike
3-2: Base on Balls
Derek Adams to second
Batting: RHB Rubén Castillo 0-0: Ball
1-0: Fly out, F3 (Popup, 3SF, EV 71.3 MPH)
Batting: RHB Charlie Howell 0-0: Ball
1-0: Foul Ball, location: 2F
1-1: Ball
2-1: Ball
3-1: Called Strike
3-2: Base on Balls
Derek Adams to third
Bob Vélez to second
Batting: RHB Nate Day 0-0: Ball
1-0: Swinging Strike
1-1: SINGLE (Line Drive, 7S, EV 106.3 MPH)
Derek Adams scores
Bob Vélez to third
Charlie Howell to second
Runner from 3rd tries for Home, SAFE, throw by LF to home
Batting: RHB Ben Hathaway 0-0: Ball
1-0: Ball
2-0: Foul Ball, location: 9LDF
2-1: Called Strike
2-2: Strikes out swinging
Bottom of the 5th over - 6 runs, 4 hits, 0 errors, 2 left on base; Auburn 6 - Greensboro 14
TOP OF THE 6TH
Auburn Doubledays batting - Pitching for Greensboro Grasshoppers : RHP Orlando Mercado
Now in CF: Charlie Wood
Batting: RHB Bernie Caine 0-0: Ball
1-0: Foul Ball, location: 5DF
1-1: Foul Ball, location: 5F
1-2: Foul Ball, location: 2F
1-2: Ball
2-2: Ball
3-2: Foul Ball, location: 5F
3-2: Base on Balls
Batting: RHB José Sousa 0-0: Foul Ball, location: 5FF
0-1: Ball
1-1: Foul Ball, location: 9LMF
1-2: Foul Ball, location: 9LSF
1-2: Ball
2-2: Foul Ball, location: 5F
2-2: Ball
Wild Pitch!
Bernie Caine to second
3-2: Strikes out swinging
Batting: RHB Oscar Burton 0-0: Foul Ball, location: 5F
Balk!
Bernie Caine to third
0-1: Ball
1-1: Called Strike
1-2: Foul Ball, location: 2F
1-2: Ball
2-2: Strikes out swinging
Batting: RHB Matt Conroy 0-0: Swinging Strike
0-1: Swinging Strike
0-2: Strikes out swinging
Top of the 6th over - 0 runs, 0 hits, 0 errors, 1 left on base; Auburn 6 - Greensboro 14
BOTTOM OF THE 6TH
Greensboro Grasshoppers batting - Pitching for Auburn Doubledays : RHP Dani Salazar
Batting: RHB Ángelo Carrillo 0-0: Called Strike
0-1: Ball
1-1: Swinging Strike
1-2: Ball
2-2: Ball
3-2: Foul Ball, location: 5FF
3-2: Base on Balls
Batting: LHB Charlie Wood 0-0: Ball
1-0: Ball
2-0: Ball
3-0: Called Strike
3-1: Base on Balls
Ángelo Carrillo to second
Batting: RHB Ignacio Hernández 0-0: Ball
1-0: Swinging Strike
1-1: Called Strike
1-2: Fly out, F8 (Line Drive, 8RM, EV 95.6 MPH)
Pitching: RHP Jimmy Clark
Batting: RHB Derek Adams 0-0: Swinging Strike
0-1: Called Strike
0-2: Strikes out looking
Batting: SHB Bob Vélez 0-0: Foul Ball, location: 2F
0-1: Ball
1-1: Ball
2-1: Ball
3-1: Base on Balls
Ángelo Carrillo to third
Charlie Wood to second
Batting: RHB Rubén Castillo 0-0: Called Strike
0-1: Ball
1-1: Ground out 1-3 (Groundball, 34S, EV 63.8 MPH)
Bottom of the 6th over - 0 runs, 0 hits, 0 errors, 3 left on base; Auburn 6 - Greensboro 14
TOP OF THE 7TH
Auburn Doubledays batting - Pitching for Greensboro Grasshoppers : RHP Orlando Mercado
Pinch Hitting: RHB Julián Gonzáles 0-0: Swinging Strike
0-1: Ball
1-1: Foul Ball, location: 2F
1-2: Strikes out swinging
Pinch Hitting: RHB Theron Starks 0-0: Ground out 1-3 (Groundball, 25, EV 70.0 MPH)
Pinch Hitting: RHB José Lara 0-0: Ball
1-0: Foul Ball, location: 7LDF
1-1: Foul Ball, location: 9LSF
1-2: Foul Ball, location: 2RF
1-2: Strikes out looking
Top of the 7th over - 0 runs, 0 hits, 0 errors, 0 left on base; Auburn 6 - Greensboro 14
BOTTOM OF THE 7TH
Greensboro Grasshoppers batting - Pitching for Auburn Doubledays : RHP Jimmy Clark
Now at 1B: José Lara
Now in LF: Theron Starks
Now in RF: Julián Gonzáles
Batting: RHB Charlie Howell 0-0: Ball
1-0: Ball
2-0: Ground out 1-3 (Groundball, 15S, EV 61.3 MPH)
Batting: RHB Nate Day 0-0: Foul Ball, location: 5F
0-1: Ball
1-1: Ball
2-1: Ball
3-1: Foul Ball, location: 2F
3-2: Foul Ball, location: 2F
3-2: Base on Balls
Pinch Hitting: RHB Juan Ontiveros 0-0: Ball
1-0: Ball
2-0: Called Strike
2-1: Called Strike
2-2: Fly out, F7 (Flyball, 78M, EV 83.8 MPH)
Batting: RHB Ángelo Carrillo 0-0: Called Strike
0-1: Called Strike
0-2: Ball
1-2: Foul Ball, location: 25F
1-2: Strikes out looking
Bottom of the 7th over - 0 runs, 0 hits, 0 errors, 1 left on base; Auburn 6 - Greensboro 14
TOP OF THE 8TH
Auburn Doubledays batting - Pitching for Greensboro Grasshoppers : RHP Orlando Mercado
Now at 2B: Luis Ramos
Now at SS: Ignacio Hernández
Pinch Hitting: LHB Rob Glenn 0-0: Swinging Strike
0-1: Ball
1-1: Foul Ball, location: 7LDF
1-2: Strikes out swinging, 2-3 out at first.
Batting: RHB Edgardo Rodríguez 0-0: TRIPLE (Groundball, 3L, EV 104.4 MPH)
Pitching: RHP Jerry French
Pinch Hitting: LHB David Urbina 0-0: Ball
1-0: Ball
2-0: Called Strike
2-1: DOUBLE (Groundball, 5L, EV 95.6 MPH)
Edgardo Rodríguez scores
Batting: RHB José Sousa 0-0: Ball
1-0: Ball
2-0: Ball
3-0: Foul Ball, location: 9LDF
3-1: Called Strike
3-2: Base on Balls
Pinch Hitting: RHB Tim Padilla 0-0: Ball
1-0: Ball
2-0: Swinging Strike
2-1: Ball
3-1: Base on Balls
David Urbina to third
José Sousa to second
Batting: RHB Matt Conroy 0-0: Ball
1-0: Ball
2-0: Ball
3-0: Base on Balls
David Urbina scores
José Sousa to third
Tim Padilla to second
Pinch Hitting: RHB Demy Wiersma 0-0: Called Strike
0-1: Ball
1-1: Called Strike
1-2: Strikes out swinging
Pinch Hitting: RHB Dusty Long 0-0: Called Strike
0-1: Called Strike
0-2: Ball
1-2: Ball
2-2: Ball
3-2: Ground out U3 (Groundball, 34S, EV 90.0 MPH)
Top of the 8th over - 2 runs, 2 hits, 0 errors, 3 left on base; Auburn 8 - Greensboro 14
BOTTOM OF THE 8TH
Greensboro Grasshoppers batting - Pitching for Auburn Doubledays : RHP Jimmy Clark
Now at 2B: Tim Padilla
Now at 3B: Edgardo Rodríguez
Now at SS: David Urbina
Now in LF: Dusty Long
Now in CF: Rob Glenn
Now in RF: Demy Wiersma
Batting: LHB Charlie Wood 0-0: Called Strike
0-1: Swinging Strike
0-2: Foul Ball, location: 23F
0-2: Foul Ball, location: 7LSF
0-2: Ground out 5-3 (Groundball, 56, EV 110.0 MPH)
Batting: RHB Ignacio Hernández 0-0: Called Strike
0-1: Fly out, F9 (Flyball, 89S, EV 87.5 MPH)
Batting: RHB Derek Adams 0-0: Foul Ball, location: 2F
0-1: Ball
1-1: Ball
2-1: Fly out, F7 (Line Drive, 78D, EV 97.5 MPH)
Bottom of the 8th over - 0 runs, 0 hits, 0 errors, 0 left on base; Auburn 8 - Greensboro 14
TOP OF THE 9TH
Auburn Doubledays batting - Pitching for Greensboro Grasshoppers : RHP Jerry French
Batting: RHB José Lara 0-0: Ball
1-0: Ball
2-0: Ball
3-0: Called Strike
3-1: Swinging Strike
3-2: Fly out, F8 (Flyball, 8LD, EV 96.3 MPH)
Batting: LHB Rob Glenn 0-0: Ball
1-0: Ball
2-0: Ball
3-0: Base on Balls
Batting: RHB Edgardo Rodríguez 0-0: Ball
1-0: SINGLE (Flyball, 4D, EV 94.4 MPH)
Rob Glenn to second
Batting: LHB David Urbina 0-0: Called Strike
0-1: Swinging Strike
0-2: Ball
1-2: Foul Ball, location: 2F
1-2: Foul Ball, location: 2F
1-2: Ball
2-2: Ball
3-2: Foul Ball, location: 7LSF
3-2: Strikes out swinging
Pinch Hitting: RHB Jeremiah Guthrie 0-0: Ball
1-0: Swinging Strike
1-1: Swinging Strike
1-2: Strikes out swinging
Top of the 9th over - 0 runs, 1 hit, 0 errors, 2 left on base; Auburn 8 - Greensboro 14
Monday, April 29th , 2024 - OOTP Baseball 24.10 Build 82